 Dungeon Crawl Stone Soup version 0.30-a0-341-g682706514a (webtiles) character file.

Game seed: 7487068181981052462

464027 hikkokomori the Devastator (level 22, -2/177 HPs)
             Began as a Demigod Conjurer on Nov 3, 2022.
             Killed by divine providence
             ... invoked by a living spell
             ... summoned by a walking divine tome
              (14 damage)
             ... while paralysed by a Zot trap
             ... on level 3 of the Depths on Nov 4, 2022.
             The game lasted 07:21:04 (64884 turns).

hikkokomori the Devastator (Demigod Conjurer)      Turns: 64884, Time: 07:21:05

Health: -2/177     AC: 26    Str: 22    XL:     22   Next: 11%
Magic:  6/53       EV:  2    Int: 46    God:
Gold:   2626       SH:  0    Dex: 14    Spells: 4/47 levels left

rFire   + + +      SeeInvis .    U - +8 trident of Wedit {protect, Will++}
rCold   + + .      Faith    .    P - +1 kite shield {rC+}
rNeg    + . .      Spirit   .    o - +6 fire dragon scales
rPois   .          Reflect  .    Y - +2 hat "Kiuvvin" {Int+6}
rElec   .          Harm     .    I - scarf {repulsion}
rCorr   .          Rampage  .    V - +1 pair of gloves
Will    +++++                    L - +3 pair of mountain boots {steadfast, rC+}
Stlth   +.........               r - amulet of Vitality {RegenMP++ Regen++}
HPRegen 2.09/turn                s - ring of the King {Drain rF++ Will+ Str+6 Int+4}
MPRegen 1.13/turn                z - ring "Rufaowic" {rC+ rN+ Will+ MP+9}

@: paralysed, flayed, heavily contaminated, hasted, glowing, studying
Transmutations, repel missiles
A: high MP 1, forlorn, divine attributes, clumsy 1
}: 3/15 runes: barnacled, silver, gossamer
a: no special abilities


You were on level 3 of the Depths.
You visited 8 branches of the dungeon, and saw 42 of its levels.
You also visited: Trove, Gauntlet and Ice Cave.

You collected 7007 gold pieces.
You spent 4381 gold pieces at shops.

Inventory:

Hand Weapons
 N - the +9 staff of Olgreb {rPois∞}
   (You found it in a Gauntlet)

   If the wielder is skilled in Evocations, they can envenom those struck by it,
   dealing poison damage which bypasses armour.
   It enhances your poison magic.
   It grants immunity to poison.
   It can be activated via the 'a'bility menu to radiate toxic energy, with
   effectiveness depending on Evocations skill.
 U - the +8 trident of Wedit (weapon) {protect, Will++}
   (You found it on level 13 of the Dungeon)

   It grants its wielder temporary protection when it strikes (+7 to AC).
   Will:      It greatly increases your willpower.
Armour
 l - a scarf of resistance
 o - +6 fire dragon scales (worn)
 H - +0 gold dragon scales
 I - a scarf of repulsion (worn)
 L - the +3 pair of mountain boots (worn) {steadfast, rC+}
   (You found it in a Gauntlet)

   It prevents involuntary movement, except for blinking, teleportation, or
   banishment.
   rC:        It protects you from cold.
 P - a +1 kite shield of cold resistance (worn)
 V - a +1 pair of gloves (worn)
 X - a scarf of invisibility
 Y - the +2 hat "Kiuvvin" (worn) {Int+6}
   (You found it on level 4 of the Spider Nest)

   Int:       It affects your intelligence (+6).
Magical Staves
 d - a staff of conjuration
Jewellery
 e - the ring "Foacapt" {Fly rN+ Str+8 Slay-3}
   (You found it in a treasure trove)

   [ring of positive energy]

   Str:       It affects your strength (+8).
   Slay:      It affects your accuracy & damage with ranged weapons and melee
   (-3).
   rN:        It protects you from negative energy.
   Fly:       It grants you flight.
 g - the ring "Limac" {rPois rN+ Str+5 Int+4}
   (You found it in a treasure trove)

   [ring of positive energy]

   Str:       It affects your strength (+5).
   Int:       It affects your intelligence (+4).
   rPois:     It protects you from poison.
   rN:        It protects you from negative energy.
 q - the ring of Haunn {rElec rPois rC- Will+ Str+3}
   (You found it in a treasure trove)

   [ring of willpower]

   Str:       It affects your strength (+3).
   rC:        It makes you vulnerable to cold.
   rElec:     It insulates you from electricity.
   rPois:     It protects you from poison.
   Will:      It increases your willpower.
 r - the amulet of Vitality (around neck) {RegenMP++ Regen++}
   (You bought it in a shop on level 2 of the Orcish Mines)

   [amulet of magic regeneration]

   It increases your rate of magic regeneration.
   Regen:     It increases your rate of health regeneration.
 s - the ring of the King (left hand) {Drain rF++ Will+ Str+6 Int+4}
   (You found it in a treasure trove)

   [ring of strength]

   Str:       It affects your strength (+6).
   Int:       It affects your intelligence (+4).
   rF:        It greatly protects you from fire.
   Drain:     It drains your maximum health when unequipped.
   Will:      It increases your willpower.
 z - the ring "Rufaowic" (right hand) {rC+ rN+ Will+ MP+9}
   (You found it in a treasure trove)

   [ring of protection from cold]

   rC:        It protects you from cold.
   rN:        It protects you from negative energy.
   MP:        It affects your magic capacity (+9).
   Will:      It increases your willpower.
 F - the ring "Tautuv" {Ice rN+}
   (You took it off Josephina on level 3 of the Depths)

   [ring of ice]

   It enhances your ice magic.
   rF:        It makes you vulnerable to fire.
   rC:        It protects you from cold.
   rN:        It protects you from negative energy.
 K - a ring of see invisible
 M - a ring of magical power
 Q - a ring of wizardry
 W - the ring of Wukiypt {rElec rF- Will- Str+6 Int+7}
   (You found it in a treasure trove)

   [ring of strength]

   Str:       It affects your strength (+6).
   Int:       It affects your intelligence (+7).
   rF:        It makes you vulnerable to fire.
   rElec:     It insulates you from electricity.
   Will:      It decreases your willpower.
Wands
 a - a wand of mindburst (20)
 h - a wand of acid (7)
 v - a wand of roots (37)
 E - a wand of charming (39)
 R - a wand of digging (16)
Scrolls
 i - 7 scrolls of teleportation
 j - 5 scrolls of blinking
 w - 5 scrolls of fear
 y - 2 scrolls of summoning
 A - 3 scrolls of enchant weapon
 C - 3 scrolls of silence
 G - 8 scrolls of amnesia
 O - 3 scrolls of brand weapon
 T - 7 scrolls of magic mapping
Potions
 b - 3 potions of magic
 c - 4 potions of resistance
 f - 12 potions of curing
 k - 7 potions of haste
 n - 6 potions of mutation
 p - 10 potions of heal wounds
 t - 6 potions of ambrosia
 u - 4 potions of brilliance
 x - 6 potions of might
 B - 9 potions of lignification
 D - 2 potions of invisibility
Miscellaneous
 m - a phantom mirror (inert)
 J - a condenser vane (inert)
 S - a phial of floods (inert)
 Z - a tin of tremorstones (2/2)


   Skills:
 + Level 10.7 Fighting
 - Level 8.3(9.2) Polearms
 + Level 5.8(7.9) Staves
 - Level 10.0 Armour
 - Level 15.2 Dodging
 - Level 5.3 Stealth
 - Level 12.1 Shields
 - Level 13.0 Spellcasting
 - Level 18.0 Conjurations
 - Level 6.2 Hexes
 + Level 12.8 Transmutations
 - Level 5.0 Fire Magic
 - Level 3.0 Ice Magic
 + Level 12.8 Air Magic
 - Level 1.7 Poison Magic
 + Level 11.6 Evocations


You had 4 spell levels left.
You knew the following spells:

 Your Spells              Type           Power      Damage    Failure   Level
b - Ignite Poison         Fire/Tmut/Pois 74%        N/A       1%          3
c - Fulminant Prism       Conj/Hex       48%        3d20      1%          4
d - Iskenderun's Battles  Conj           100%       2d15      1%          5
f - Swiftness             Air            99%        N/A       1%          3
g - Freezing Cloud        Conj/Ice/Air   46%        6-21      1%          5
h - Ozocubu's Armour      Ice            55%        N/A       4%          3
i - Orb of Destruction    Conj           57%        9d14      2%          7
j - Blink                 Tloc           58%        N/A       7%          2
k - Iskenderun's Mystic   Conj/Tloc      85%        2d17      1%          4
l - Storm Form            Tmut/Air       49%        N/A       21%         7

Your spell library contained the following spells:

 Spells                   Type           Power      Damage    Failure   Level
 Magic Dart               Conj           100%       1d8       0%          1
 Shock                    Conj/Air       100%       1d9       0%          1
 Searing Ray              Conj           100%       2d8       0%          2
 Static Discharge         Conj/Air       100%       2-7/arc   0%          2
 Beastly Appendage        Tmut           100%       N/A       1%          1
 Foxfire                  Conj/Fire      100%       2x1d9     1%          1
 Cigotuvi's Dreadful Rot  Necr/Pois/Air  100%       N/A       1%          2
 Ensorcelled Hibernation  Hex/Ice        100%       N/A       1%          2
 Momentum Strike          Conj/Tloc      100%       3d10      1%          2
 Passwall                 Tmut/Erth      60%        N/A       1%          2
 Poisonous Vapours        Pois/Air       100%       N/A       1%          2
 Scorch                   Fire           100%       2d10      1%          2
 Wereblood                Tmut           99%        N/A       1%          2
 Dazzling Flash           Conj/Hex       100%       N/A       1%          3
 Inner Flame              Hex/Fire       69%        N/A       1%          3
 Kindle Blastsparks       Fire/Tloc/Air  100%       2d18      1%          3
 Spider Form              Tmut/Pois      77%        N/A       1%          3
 Stone Arrow              Conj/Erth      100%       3d13      1%          3
 Vhi's Electric Charge    Tloc/Air       100%       N/A       1%          3
 Flame Wave               Conj/Fire      94%        2d20      1%          4
 Ice Form                 Ice/Tmut       80%        N/A       1%          4
 Sticky Flame             Conj/Fire      94%        2d10      1%          4
 Portal Projectile        Hex/Tloc       100%       N/A       3%          3
 Summon Guardian Golem    Hex/Summ       55%        N/A       3%          3
 Cause Fear               Hex            36%        N/A       3%          4
 Apportation              Tloc           58%        N/A       4%          1
 Necrotise                Necr           100%       1d9       4%          1
 Summon Small Mammal      Summ           100%       N/A       4%          1
 Call Imp                 Summ           29%        N/A       7%          2
 Anguish                  Hex/Necr       27%        N/A       13%         4
 Leda's Liquefaction      Hex/Erth       27%        N/A       13%         4
 Call Canine Familiar     Summ           29%        N/A       14%         3
 Gell's Gravitas          Tloc           29%        N/A       14%         3
 Lesser Beckoning         Tloc           58%        N/A       14%         3
 Teleport Other           Tloc           29%        N/A       14%         3
 Animate Armour           Summ/Erth      58%        N/A       41%         4
 Animate Dead             Necr           29%        N/A       41%         4
 Dispel Undead            Necr           29%        3d13      41%         4
 Manifold Assault         Tloc           29%        N/A       41%         4
 Arcjolt                  Conj/Air       53%        1d63      1%          5
 Fireball                 Conj/Fire      47%        3d19      1%          5
 Lightning Bolt           Conj/Air       53%        1d75      1%          5
 Conjure Ball Lightning   Conj/Air       53%        3x3d19    1%          6
 Silence                  Hex/Air        43%        N/A       2%          5
 Starburst                Conj/Fire      47%        6d13      6%          6
 Dragon Form              Tmut           49%        N/A       21%         7
 Borgnjor's Vile Clutch   Necr/Erth      14%        N/A       77%         5
 Enfeeble                 Hex            36%        N/A       97%         7
 Death Channel            Necr           14%        N/A       100%        6
 Dispersal                Tloc           14%        N/A       100%        6
 Summon Cactus Giant      Summ           14%        N/A       100%        6
 Ozocubu's Refrigeration  Ice            27%        4d13      100%        7
 Borgnjor's Revivificati  Necr           14%        N/A       100%        8
 Disjunction              Tloc           14%        N/A       100%        8
 Ignition                 Fire           33%        3d10      100%        8
 Necromutation            Tmut/Necr      36%        N/A       100%        8
 Chain Lightning          Conj/Air       53%        3d71      100%        9
 Death's Door             Necr           14%        N/A       100%        9
 Dragon's Call            Summ           14%        N/A       100%        9
 Fire Storm               Conj/Fire      47%        8d12      100%        9
 Shatter                  Erth           14%        3d14*     100%        9


Dungeon Overview and Level Annotations

Branches:
Dungeon (15/15)            Temple (0/1) D:5            Lair (5/5) D:9
 Shoals (4/4) Lair:3       Spider (4/4) Lair:2        Slime (0/5) Lair:5
    Orc (2/2) D:11            Elf (3/3) Orc:2        Vaults (5/5) D:13
  Crypt (0/3) Vaults:2     Depths (4/4) D:15            Zot (0/5) Depths:4
  IceCv (visited)         Gauntlet (visited)

Shops:
D:5 [   D:7 ?   D:10 [[![[   D:11 ?   D:13 (   Orc:2 [:[=   Elf:1 :(!=(
Shoals:1 [   Vaults:3 ??   Vaults:5 (*(   Depths:1 (

Portals:
Hell: Depths:1 Depths:2 Depths:3 Depths:4
Abyss: Depths:3
Pandemonium: Depths:2
Ziggurat: Depths:4

Annotations:
D:6 Pikel
Elf:1 6 runed translucent doors
Vaults:3 2 transporters, Jiaf's ghost, veteran HOFi
Depths:3 1 transporter


Innate Abilities, Weirdness & Mutations

You have an increased reservoir of magic. (+10% MP)
You shall have no god before yourself.
Your divine heritage dramatically boosts your attributes as you level up.
You are clumsy. (Dex -2)


Message History

You hear a loud "Zot"!
The lich touches you.
The tormentor calls on the powers of darkness!
The fire dragon convulses!
Your body is wracked with pain!
* * * LOW HITPOINT WARNING * * *
You hear a loud "Zot"!
The living spell is engulfed in blazing flames.
You destroy the living spell!
You hear a loud "Zot"!
The lich touches you.
* * * LOW HITPOINT WARNING * * *
You partially resist.
You feel drained.
You hear a loud "Zot"!
The lich gestures wildly while chanting.
The lich flickers and vanishes!
Deactivating autopickup; reactivate with Ctrl-A.
The walking divine tome erupts in a flurry of living spells!
You hear a loud "Zot"!
The power of Zot is invoked against you!
You are heavily infused with residual magic.
The fire dragon breathes flames at you.
The blast of flame hits something!
Reactivating autopickup.
You feel a bit more experienced. The blast of flame hits you! You resist.
* * * LOW HITPOINT WARNING * * *
The tormentor calls on the powers of darkness!
The fire dragon convulses!
Your body is wracked with pain!
* * * LOW HITPOINT WARNING * * *
The frost giant convulses!
Your life force feels restored.
You hear a loud "Zot"!
The frost giant casts a spell at you.
The bolt of cold hits the living spell!!
The living spell is destroyed!
The bolt of cold hits you! You resist.
* * * LOW HITPOINT WARNING * * *
You hear a loud "Zot"!
The living spell casts itself at you. Something smites you!
You die...

#.# ####.# ####. #.# #.# #..##
..# #.# #..#. #.# #.# #.<## #.#
### #..#. ..# #..## #.# ### #....
#.# ##^##^## ###[. #.# #2@....#
#.# #.# ####^D#.###..#### #)#
#'## #..^.^#^;. #:^=###.#
...########^^.#*.*#..^ #.$.###.#
~~...#..###^○○#W#C§§..^^+}^$###..
~~.#...©###©.^.^^§# ..^^#^(©###©.
~~.###..###^..#°#°^. .^^+)^?###..
~~.# ######.^.#^ .# ...#^$^#####
...###### #.^^.. #=^$###


You could see a frost giant, a walking divine tome, a fire dragon, a flayed
ghost, a tormentor and 2 living smiting commandments.

Vanquished Creatures
  2 dread liches (Vaults:5)
  Mennas (Vaults:5)
  Mara (Depths:3)
  Josephina (Depths:3)
  Saint Roka (Depths:4)
  A golden dragon (Vaults:5)
  A bone dragon (Depths:4)
  the Enchantress (Depths:3)
  An iron giant (shapeshifter) (Depths:2)
  Arachne (Spider:2)
  Jorgrun (Shoals:3)
  3 tentacled monstrosities
  3 deep elf blademasters
  Asterion (Elf:2)
  A walking frostbound tome (Depths:3)
  4 deep elf master archers (Elf:3)
  2 titans
  An ancient champion (Vaults:2)
  A quicksilver dragon (Vaults:5)
  Frances (Shoals:1)
  Kirke (Shoals:1)
  Agnes (Elf:2)
  9 sphinxes
  3 storm dragons
  A shadow dragon (Vaults:5)
  A fenstrider witch (shapeshifter) (Depths:2)
  6 tengu reavers
  6 fire giants
  10 frost giants
  6 emperor scorpions (Spider:4)
  A ghost moth (shapeshifter) (Depths:2)
  6 deep elf sorcerers
  7 iron dragons
  6 ghost moths
  An orc warlord (Vaults:4)
  2 deep elf elementalists (Elf:3)
  18 vault wardens
  A balrug (Depths:3)
  A curse skull (Vaults:2)
  2 draconian annihilators
  3 spriggan defenders (Depths:3)
  A quicksilver ooze (shapeshifter) (Depths:2)
  21 ironbound preservers
  A draconian stormcaller (Depths:4)
  A stone giant (shapeshifter) (Vaults:5)
  A vampire knight (Vaults:2)
  11 stone giants
  3 war gargoyles
  20 very ugly things
  9 ironbound thunderhulks
  A green draconian (Depths:4)
  3 black draconians (Depths:4)
  7 deep elf demonologists
  2 purple draconians (Depths:4)
  14 dire elephants
  4 minotaurs
  2 lorocyprocas (Depths:2)
  6 spark wasps
  A yellow draconian (Depths:4)
  11 deep elf annihilators
  Azrael (Spider:1)
  6 ettins
  2 crystal guardians
  16 yaktaur captains
  2 merfolk javelineers (Shoals:4)
  4 merfolk impalers
  6 deep elf high priests
  4 entropy weavers
  9 great orbs of eyes
  8 deep elf death magi
  A fire dragon (Lair:5)
  6 hydras
  A rakshasa (Depths:3)
  33 vault guards
  7 ice dragons
  Harold (D:10)
  A hell beast (Depths:3)
  3 salamander tyrants (Depths:2)
  2 juggernaut simulacra (Depths:2)
  A peacekeeper (Vaults:4)
  4 boulder beetles
  2 radroaches (Spider:3)
  2 catoblepae
  An ogre mage (Vaults:5)
  14 satyrs (Shoals:4)
  15 centaur warriors
  10 ironbound frosthearts
  2 merfolk avatars
  2 death knights
  5 spriggan air magi
  An alligator snapping turtle (Shoals:4)
  4 two-headed ogres
  10 deep troll earth magi
  5 death yaks
  A two-headed ogre (shapeshifter) (Depths:3)
  36 dancing weapons
  2 deep troll shamans
  4 merfolk aquamancers (Shoals:4)
  3 tengu warriors
  A spriggan berserker (Depths:4)
  2 orc high priests
  A soul eater (Depths:3)
  12 hell knights (Depths:1)
  A fire crab (shapeshifter) (D:14)
  16 deep elf knights
  9 sea snakes
  A death drake (shapeshifter) (Elf:2)
  4 pharaoh ants
  4 sun moths
  A fire crab (Gauntlet)
  4 skeletal warriors
  A storm dragon skeleton (Vaults:3)
  5 iron trolls
  8 orb spiders
  7 steelbarb worms
  44 deep trolls
  A glowing orange brain (shapeshifter) (Vaults:5)
  5 deep elf archers
  30 harpies
  6 wizards
  2 glowing orange brains
  3 orc knights
  A harpy (shapeshifter) (Elf:2)
  10 necromancers
  14 ironbound convokers
  13 deep elf pyromancers
  15 deep elf zephyrmancers
  6 phantasmal warriors
  12 lindwurms
  A wolf spider (shapeshifter) (Vaults:4)
  15 fauns
  4 oklob plants
  14 wolf spiders
  4 orc sorcerers (Orc:2)
  2 moths of wrath
  A stone giant zombie (Vaults:3)
  21 ugly things
  15 manticores
  A salamander (Depths:4)
  4 cyclopes
  4 black mambas
  A naga mage (D:15)
  10 merfolk sirens
  A rust devil (Gauntlet)
  15 vault sentinels
  9 elephants
  An ice statue (IceCv)
  2 eyes of devastation (shapeshifter)
  6 water nymphs
  4 gargoyles
  A storm dragon simulacrum (Depths:3)
  9 cane toads
  6 torpor snails
  A guardian serpent (shapeshifter) (D:14)
  Maggie (D:8)
  A minotaur zombie (Gauntlet)
  2 demonic crawlers
  A rime drake (shapeshifter) (D:13)
  6 freezing wraiths
  5 tengu conjurers
  5 komodo dragons
  4 rime drakes
  An ice devil (IceCv)
  32 yaktaurs
  4 trolls
  3 meliai (Spider:2)
  21 merfolk
  2 polar bears
  A shadow dragon simulacrum (Depths:3)
  4 tyrant leeches (Lair:5)
  18 tarantellas
  8 hornets
  14 blink frogs
  A wind drake (Shoals:4)
  Grinder (D:5)
  10 snapping turtles
  A raiju (shapeshifter) (D:13)
  A snapping turtle (shapeshifter) (Vaults:1)
  17 dream sheep
  An iron dragon simulacrum (Depths:3)
  9 slime creatures
  A slime creature (shapeshifter) (Depths:4)
  A dream sheep (shapeshifter) (Elf:3)
  15 jumping spiders
  2 air elementals
  2 shadows (D:11)
  14 water elementals
  11 culicivoras
  A centaur simulacrum (D:15)
  A ynoxinul (Gauntlet)
  4 spriggans (Depths:3)
  A hog (Shoals:1)
  4 wyverns
  6 wraiths
  31 yaks
  A wyvern (shapeshifter) (D:14)
  A dire elephant simulacrum (IceCv)
  A yak (shapeshifter) (Elf:1)
  An ettin skeleton (Vaults:3)
  6 fire bats
  2 steam dragons
  Grum (D:8)
  4 basilisks
  A death yak simulacrum (IceCv)
  6 fire elementals
  A hog (shapeshifter) (D:14)
  A redback (shapeshifter) (Depths:1)
  41 redbacks
  8 vampire mosquitoes
  3 wargs
  A swamp worm (shapeshifter) (D:15)
  Edmund (D:7)
  A hydra simulacrum (IceCv)
  3 acid dragons
  A water moccasin (shapeshifter) (D:13)
  24 orc warriors
  5 water moccasins
  3 hell hounds
  A floating eye (Depths:3)
  An ice beast (D:6)
  9 ogres
  2 black bears
  6 boggarts
  12 wolves
  12 centaurs
  3 phantoms
  A human zombie (Vaults:3)
  A lemure (D:6)
  An elf simulacrum (Vaults:3)
  13 bullfrogs
  2 necrophages
  2 earth elementals
  4 cane toad simulacra (IceCv)
  5 two-headed ogre simulacra (IceCv)
  2 scorpions (D:5)
  2 gnoll sergeants
  A wyvern zombie (D:7)
  2 wights (D:7)
  A human simulacrum (Vaults:1)
  3 elephant simulacra (IceCv)
  6 electric eels
  A centaur zombie (D:7)
  A gnoll bouda (D:6)
  31 orc priests
  2 hounds
  7 iguanas
  A jelly (D:6)
  4 iron imps (Gauntlet)
  30 orc wizards
  5 hell rats (Lair:2)
  6 spriggan simulacra (IceCv)
  5 troll simulacra (IceCv)
  2 polar bear simulacra (IceCv)
  A killer bee zombie (D:7)
  6 ogre zombies (D:11)
  17 gnolls
  3 naga simulacra (IceCv)
  4 adders
  9 white imps
  9 ufetubi
  2 worms
  3 dart slugs
  95 orcs
  7 bats
  11 endoplasms
  4 giant cockroaches
  4 goblins
  7 hobgoblins
  4 jackals (D:3)
  6 kobolds
  3 quokkas
  7 ball pythons
  11 frilled lizards
  2 goblin skeletons (D:11)
  2 goblin zombies (D:11)
  2 hobgoblin skeletons (D:11)
  2 hobgoblin zombies (D:11)
  An orc skeleton (D:11)
  10 orc zombies (D:11)
  7 rats
  5 fulminant prisms
1684 creatures vanquished.

Vanquished Creatures (others)
  A lich (Depths:3)
  A juggernaut simulacrum (Depths:3)
  A harpy (Vaults:4)
  2 humans (Shoals:1)
  A two-headed ogre simulacrum (IceCv)
  A spriggan simulacrum (IceCv)
  185 fulminant prisms
  76 fungi
  156 plants
  7 withered plants
431 creatures vanquished.

Grand Total: 2115 creatures vanquished

Notes
Turn   | Place    | Note
-------+----------+-------------------------------------------
     0 | D:1      | hikkokomori the Demigod Conjurer began the quest for the
                  | Orb.
     0 | D:1      | Reached XP level 1. HP: 14/14 MP: 5/5
   323 | D:1      | Reached XP level 2. HP: 20/20 MP: 3/7
   541 | D:1      | Reached skill level 4 in Conjurations
  1385 | D:2      | Reached XP level 3. HP: 26/26 MP: 1/9
  1622 | D:2      | Learned a level 2 spell: Searing Ray
  2158 | D:3      | Reached XP level 4. HP: 33/33 MP: 3/11
  3006 | D:4      | Learned a level 4 spell: Fulminant Prism
  3068 | D:4      | Noticed a necrophage
  3086 | D:4      | Killed a necrophage
  3087 | D:4      | Reached XP level 5. HP: 16/38 MP: 6/13
  3235 | D:4      | Reached skill level 5 in Conjurations
  3320 | D:4      | Reached skill level 1 in Hexes
  3588 | D:4      | Reached XP level 6. HP: 45/45 MP: 3/15
  3743 | D:4      | Learned a level 3 spell: Kindle Blastsparks
  4268 | D:5      | Entered Level 5 of the Dungeon
  4377 | D:5      | Reached skill level 6 in Conjurations
  4622 | D:4      | Learned a level 2 spell: Ensorcelled Hibernation
  4993 | D:5      | Reached XP level 7. HP: 50/50 MP: 16/17
  5051 | D:5      | Found Estud's Armour Boutique.
  5096 | D:5      | Noticed Grinder
  5103 | D:5      | Killed Grinder
  5104 | D:5      | Reached skill level 5 in Spellcasting
  5333 | D:5      | Found a staircase to the Ecumenical Temple.
  5422 | D:5      | You fall into a shaft and drop 3 floors!
  6040 | D:6      | Noticed Pikel
  6408 | D:6      | Reached XP level 8. HP: 48/57 MP: 9/19
  6519 | D:6      | Learned a level 5 spell: Freezing Cloud
  6592 | D:6      | Reached skill level 7 in Conjurations
  6891 | D:7      | Found Ugerghu's Magic Scroll Shoppe.
  6897 | D:7      | Bought a scroll of identify for 26 gold pieces
  6897 | D:7      | Bought a scroll of amnesia for 52 gold pieces
  6897 | D:7      | Bought a scroll of amnesia for 52 gold pieces
  6921 | D:7      | Reached skill level 1 in Air Magic
  7729 | D:7      | Noticed Edmund
  7739 | D:7      | Killed Edmund
  7862 | D:5      | Learned a level 5 spell: Iskenderun's Battlesphere
  7922 | D:7      | Noticed Sigmund
  7925 | D:7      | Sigmund changed into Sigmund the worm
  7925 | D:7      | Noticed Sigmund
  7928 | D:7      | Killed Sigmund the worm
  7946 | D:7      | Identified the +8 scythe "Buegaunk" {speed, rPois rC+
                  | Str+3}
  8499 | D:8      | Got the Monograph on Mercurial Heat
  8563 | D:8      | Noticed Maggie
  8568 | D:8      | Killed Maggie
  8569 | D:8      | Reached skill level 1 in Fighting
  8569 | D:8      | Reached skill level 1 in Polearms
  8569 | D:8      | Reached skill level 1 in Ice Magic
  8569 | D:8      | Reached XP level 9. HP: 64/64 MP: 19/22
  9599 | D:8      | Reached skill level 8 in Conjurations
  9697 | D:9      | Noticed a two-headed ogre
  9701 | D:9      | Killed a two-headed ogre
  9785 | D:9      | Noticed Grum
  9890 | D:8      | Killed Grum
 10219 | D:9      | Found a staircase to the Lair.
 10330 | D:9      | Reached skill level 5 in Hexes
 10330 | D:9      | Reached XP level 10. HP: 77/77 MP: 15/23
 10924 | D:10     | Entered Level 10 of the Dungeon
 10927 | D:10     | Noticed a cyan ugly thing
 10935 | D:10     | Killed a cyan ugly thing
 10936 | D:10     | Reached skill level 5 in Air Magic
 11159 | D:10     | Found Fureyg Xeffi's Antique Armour Shoppe.
 11167 | D:10     | Noticed a two-headed ogre
 11171 | D:10     | Killed a two-headed ogre
 11172 | D:10     | Reached skill level 9 in Conjurations
 11348 | D:10     | Found a portal to a secret trove of treasure.
 11411 | D:10     | Found Luxabuj's Antique Armour Emporium.
 11472 | D:10     | Bought a glowing helmet for 165 gold pieces
 11472 | D:10     | Bought a transparent scale mail for 198 gold pieces
 11472 | D:10     | Identified the +0 scale mail of Luoxkith {-Tele rElec
                  | Regen+ Str+3} (You bought it in a shop on level 10 of the
                  | Dungeon)
 11510 | D:10     | Noticed Harold
 11525 | D:10     | Killed Harold
 11546 | D:10     | Reached skill level 5 in Polearms
 11827 | D:10     | Found Maib's Antique Armour Shop.
 11876 | D:10     | Found Coits's Antique Armour Shoppe.
 11884 | D:10     | Bought a glowing robe for 96 gold pieces
 11974 | D:10     | Found Apneiple's Distillery.
 12530 | D:11     | Found a staircase to the Orcish Mines.
 12752 | D:11     | Noticed a two-headed ogre
 12761 | D:11     | Killed a two-headed ogre
 12762 | D:11     | Reached XP level 11. HP: 82/82 MP: 1/24
 12763 | D:11     | Noticed a two-headed ogre
 12971 | D:11     | Found Reedoha's Magic Scroll Shop.
 13262 | D:11     | Killed a two-headed ogre
 13735 | Orc:1    | Entered Level 1 of the Orcish Mines
 13874 | Orc:1    | Reached skill level 10 in Conjurations
 14019 | Orc:2    | Entered Level 2 of the Orcish Mines
 14259 | Lair:1   | Entered Level 1 of the Lair of Beasts
 14534 | Lair:1   | Found a frozen archway.
 14617 | IceCv    | Entered an ice cave
 14635 | IceCv    | Learned a level 3 spell: Swiftness
 14639 | IceCv    | Learned a level 3 spell: Summon Guardian Golem
 15466 | IceCv    | Reached skill level 5 in Stealth
 15639 | IceCv    | Noticed a reaper
 16415 | Lair:1   | Learned a level 5 spell: Freezing Cloud
 17088 | Lair:1   | Identified the +3 quarterstaff of the Crawling Thing
                  | {freeze, Dex+4}
 17457 | Lair:2   | Reached XP level 12. HP: 90/91 MP: 25/26
 17837 | Lair:2   | Found a hole to the Spider Nest.
 18005 | Lair:2   | Reached skill level 11 in Conjurations
 18833 | Lair:2   | Learned a level 3 spell: Ozocubu's Armour
 18947 | D:10     | Bought a glimmering troll leather armour for 480 gold
                  | pieces
 18947 | D:10     | Identified the +1 troll leather armour "Onwyinke" {rF++
                  | Regen+ rCorr Str-4} (You bought it in a shop on level 10 of
                  | the Dungeon)
 18957 | D:10     | Bought a glowing scarf for 192 gold pieces
 19420 | Lair:3   | Reached skill level 5 in Fighting
 19863 | Lair:3   | Found a staircase to the Shoals.
 20740 | Lair:4   | Noticed a four-headed hydra
 20746 | Lair:4   | Killed a six-headed hydra
 21162 | Lair:4   | Reached skill level 12 in Conjurations
 21162 | Lair:4   | Reached XP level 13. HP: 104/104 MP: 19/29
 21738 | Lair:5   | Entered Level 5 of the Lair of Beasts
 22644 | Lair:5   | Found a staircase to the Slime Pits.
 22830 | Lair:5   | Found a runed translucent door.
 23655 | Lair:5   | Reached skill level 13 in Conjurations
 23790 | Lair:5   | Reached skill level 10 in Spellcasting
 23955 | Lair:5   | Noticed a dire elephant
 24259 | Lair:5   | Killed a dire elephant
 24455 | Lair:5   | Learned a level 7 spell: Orb of Destruction
 25156 | D:12     | Reached skill level 1 in Evocations
 25609 | D:13     | Reached XP level 14. HP: 107/114 MP: 28/33
 25752 | D:13     | Identified the +8 trident of Wedit {protect, Will++}
 25756 | D:13     | Found a gate to the Vaults.
 25847 | D:13     | Found Inkulef's Antique Weapon Shoppe.
 26680 | D:14     | Found a gate leading to a gauntlet.
 26690 | Gauntlet | Entered a Gauntlet
 26690 | Gauntlet | Found a transporter.
 26798 | Gauntlet | Found the +9 staff of Olgreb {rPois∞}
 26800 | Gauntlet | Found a transporter.
 26801 | Gauntlet | Found a transporter.
 26840 | Gauntlet | Found a transporter.
 26842 | Gauntlet | Found a transporter.
 26846 | Gauntlet | Found a runed translucent door.
 26846 | Gauntlet | Found a runed translucent door.
 26856 | Gauntlet | Found a transporter.
 26873 | Gauntlet | Found a transporter.
 26881 | Gauntlet | Found the +3 pair of mountain boots {steadfast, rC+}
 26882 | Gauntlet | Found a runed translucent gate.
 26883 | Gauntlet | Found a transporter.
 26883 | Gauntlet | Found a runed translucent gate.
 26884 | Gauntlet | Found a runed translucent gate.
 26893 | Gauntlet | Found a transporter.
 26950 | Gauntlet | Found a transporter.
 26953 | Gauntlet | Found a transporter.
 26961 | Gauntlet | Found a transporter.
 26963 | Gauntlet | Found a transporter.
 27044 | Gauntlet | Found a transporter.
 27814 | Gauntlet | Identified the +0 plate armour of the Yeti {Harm rCorr
                  | Str-4 Stlth+}
 28797 | Orc:2    | Reached skill level 14 in Conjurations
 28969 | Orc:2    | Found a staircase to the Elven Halls.
 29112 | Orc:2    | Learned a level 3 spell: Ignite Poison
 29696 | Orc:1    | Reached skill level 1 in Poison Magic
 29697 | Orc:1    | Reached skill level 1 in Fire Magic
 29924 | Orc:2    | Reached skill level 1 in Transmutations
 30072 | Orc:2    | Found Hoblang's Book Shop.
 30072 | Orc:2    | Found Guxeep's Armour Shop.
 30072 | Orc:2    | Found Busiu's Antique Armour Boutique.
 30082 | Orc:2    | Found Gelaefud's Jewellery Boutique.
 30086 | Orc:2    | Bought the amulet of Vitality {RegenMP++ Regen++} for 1100
                  | gold pieces
 30086 | Orc:2    | Found the amulet of Vitality {RegenMP++ Regen++}
 30401 | Elf:1    | Entered Level 1 of the Elven Halls
 30565 | D:15     | Entered Level 15 of the Dungeon
 31418 | D:15     | Reached skill level 5 in Evocations
 31811 | D:15     | Identified the +9 hand axe of Umaedim {freeze, rCorr
                  | Stlth+}
 32038 | D:15     | Found a staircase to the Depths.
 32454 | Spider:1 | Entered Level 1 of the Spider Nest
 32477 | Spider:1 | Noticed Azrael
 32480 | Spider:1 | Killed Azrael
 32481 | Spider:1 | Reached XP level 15. HP: 121/123 MP: 18/34
 33897 | Spider:2 | Noticed Arachne
 33908 | Spider:2 | Killed Arachne
 33909 | Spider:2 | Reached skill level 5 in Transmutations
 33909 | Spider:2 | Reached skill level 5 in Fire Magic
 34223 | Spider:2 | Reached skill level 1 in Armour
 35678 | Spider:4 | Entered Level 4 of the Spider Nest
 35683 | Spider:4 | Reached skill level 15 in Conjurations
 36647 | Spider:4 | Reached skill level 5 in Dodging
 36702 | Spider:4 | Reached XP level 16. HP: 129/129 MP: 25/35
 37127 | Spider:4 | Got a gossamer rune of Zot
 37134 | Spider:4 | Identified the +2 hat "Kiuvvin" {Int+6}
 37289 | Shoals:1 | Entered Level 1 of the Shoals
 38087 | Shoals:1 | Noticed Frances
 38093 | Shoals:1 | Killed Frances
 38147 | Shoals:1 | Noticed Kirke
 38154 | Shoals:1 | Killed Kirke
 38165 | Shoals:1 | Reached skill level 5 in Armour
 38197 | Shoals:1 | Found Mexuedot's Armour Boutique.
 39723 | Shoals:3 | Learned a level 2 spell: Blink
 39794 | Shoals:3 | Noticed Jorgrun
 39821 | Shoals:3 | Killed Jorgrun
 40275 | Shoals:4 | Entered Level 4 of the Shoals
 40366 | Shoals:4 | Reached skill level 16 in Conjurations
 40939 | Shoals:4 | Got the Parchment of the Amorphous Impact
 41041 | Shoals:4 | Reached skill level 10 in Evocations
 41163 | Shoals:4 | Noticed a sphinx
 41177 | Shoals:4 | Reached XP level 17. HP: 115/136 MP: 17/37
 41356 | Shoals:4 | Got a barnacled rune of Zot
 41991 | Elf:1    | Found Hetugikh's Distillery.
 42153 | Elf:1    | Identified the amulet "Yschikhlui" {Reflect Will- Str+5
                  | Int+3 SH+5}
 42239 | Elf:1    | Found Dofaphum's Weapon Shop.
 42496 | Elf:1    | Found a runed translucent gate.
 42496 | Elf:1    | Found a runed translucent gate.
 42496 | Elf:1    | Found a runed translucent gate.
 42496 | Elf:1    | Found a runed translucent gate.
 42496 | Elf:1    | Found a runed translucent gate.
 42497 | Elf:1    | Found a runed translucent gate.
 42719 | Elf:1    | Found Puguf's Jewellery Shoppe.
 42727 | Elf:1    | Bought the ring of Fudghus {rElec Will+} for 429 gold
                  | pieces
 42858 | Elf:1    | Found Relis's Antique Weapon Boutique.
 42959 | Elf:1    | Found Icoutus's Book Boutique.
 43445 | Elf:2    | Found a runed translucent gate.
 43447 | Elf:2    | Found a runed translucent gate.
 43447 | Elf:2    | Found a runed translucent gate.
 43460 | Elf:2    | Noticed Asterion
 43518 | Elf:2    | Reached skill level 17 in Conjurations
 43600 | Elf:2    | Noticed a deep elf blademaster
 43614 | Elf:2    | Killed a deep elf blademaster
 44083 | Elf:2    | Paralysed by an air elemental for 1 turns
 44091 | Elf:2    | Killed Asterion
 44133 | Elf:2    | Learned a level 4 spell: Iskenderun's Mystic Blast
 44169 | Elf:2    | Noticed Agnes
 44173 | Elf:2    | Killed Agnes
 44205 | Elf:2    | Reached skill level 1 in Shields
 44452 | Elf:3    | Entered Level 3 of the Elven Halls
 44605 | Elf:3    | Paralysed by an air elemental for 1 turns
 44749 | Elf:3    | Reached skill level 10 in Dodging
 44966 | Elf:3    | Reached XP level 18. HP: 143/143 MP: 33/39
 45656 | Elf:3    | HP: 2/143 [something (15)]
 45843 | Elf:3    | Identified the +0 ring mail of the Eternal Void {Int+2}
 46783 | Elf:3    | Identified the +5 great sword of Liss {flame, Will- rCorr
                  | Str+4 Dex+9}
 46806 | Elf:3    | Got the Folio of the Collective Welkin
 46811 | Elf:3    | Got Sif Muna's Codex of Variable Air
 47073 | Depths:1 | Entered Level 1 of the Depths
 47220 | D:10     | You paid a toll of +4 ice dragon scales to enter a treasure
                  | trove
 47221 | Trove    | Entered a treasure trove
 47223 | Trove    | Identified the ring "Rufaowic" {rC+ rN+ Will+ MP+9}
 47225 | Trove    | Identified the ring "Foacapt" {Fly rN+ Str+8 Slay-3}
 47226 | Trove    | Identified the ring of Haunn {rElec rPois rC- Will+ Str+3}
 47232 | Trove    | Identified the ring of the King {Drain rF++ Will+ Str+6
                  | Int+4}
 47234 | Trove    | Identified the ring of the Damp Pear {Fly Str+3}
 47235 | Trove    | Identified the ring "Gebbed" {Ice rPois rCorr Dex-5 Stlth+}
 47239 | Trove    | Identified the ring of Wukiypt {rElec rF- Will- Str+6
                  | Int+7}
 47246 | Trove    | Identified the ring "Limac" {rPois rN+ Str+5 Int+4}
 47782 | D:11     | Bought a scroll of enchant armour for 105 gold pieces
 47782 | D:11     | Bought a scroll of summoning for 133 gold pieces
 47782 | D:11     | Bought a scroll of enchant armour for 105 gold pieces
 47840 | Vaults:1 | Entered Level 1 of the Vaults
 48273 | Vaults:1 | Reached skill level 5 in Shields
 48622 | Vaults:1 | Reached skill level 18 in Conjurations
 49940 | Vaults:2 | Found a staircase to the Crypt.
 50080 | Vaults:2 | Reached XP level 19. HP: 149/149 MP: 41/41
 52569 | Vaults:4 | Identified the +1 spear "Xiophir" {holy, +Blink Will- Int+3
                  | Dex+4}
 52693 | Vaults:3 | Reached skill level 10 in Shields
 53842 | Vaults:3 | Found Ciduishrur's Magic Scroll Emporium.
 53878 | Vaults:3 | Bought a scroll of magic mapping for 150 gold pieces
 53878 | Vaults:3 | Bought a scroll of blinking for 150 gold pieces
 53878 | Vaults:3 | Bought a scroll of blinking for 150 gold pieces
 53933 | Vaults:3 | Reached XP level 20. HP: 157/157 MP: 3/42
 54116 | Vaults:3 | Found Qoneosch's Magic Scroll Shoppe.
 54133 | Vaults:3 | Bought a scroll of blinking for 150 gold pieces
 54290 | Vaults:3 | Found a transporter.
 54315 | Vaults:3 | Noticed an ancient lich
 54316 | Vaults:3 | Found a transporter.
 54323 | Vaults:3 | Noticed Jiaf's ghost (veteran HOFi)
 54833 | Depths:1 | Reached skill level 10 in Air Magic
 54997 | Depths:1 | Found Lenos Feofu's Antique Weapon Boutique.
 55315 | Depths:1 | Found a gateway to Hell.
 57017 | Depths:2 | Identified the +5 leather armour "Lomud" {rElec Dex+3}
 57035 | Depths:2 | Found a one-way gate leading to the halls of Pandemonium.
 57083 | Depths:2 | Reached skill level 15 in Dodging
 57457 | Depths:3 | Found a transporter.
 57506 | Depths:3 | Found a one-way gate to the infinite horrors of the Abyss.
 57873 | Depths:3 | Paralysed by a sphinx for 3 turns
 57893 | Depths:3 | Found a transporter.
 57971 | Depths:3 | Noticed the Enchantress
 57979 | Depths:3 | Killed the Enchantress
 58468 | Depths:3 | Noticed Mara
 58485 | Depths:3 | Noticed hikkokomori's illusion
 58534 | Depths:3 | Killed Mara
 58535 | Depths:3 | Reached XP level 21. HP: 163/163 MP: 19/43
 58663 | Depths:3 | Identified the ring "Tautuv" {Ice rN+}
 58663 | Depths:3 | Noticed Josephina
 58674 | Depths:3 | Killed Josephina
 59393 | Depths:4 | Entered Level 4 of the Depths
 59404 | Depths:4 | Noticed Saint Roka
 59411 | Depths:4 | Killed Saint Roka
 59412 | Depths:4 | Reached skill level 10 in Armour
 59456 | Depths:4 | Found a one-way gateway to a ziggurat.
 59646 | Depths:4 | Reached skill level 10 in Transmutations
 59866 | Depths:4 | Reached skill level 1 in Staves
 60477 | Depths:4 | Found a gate to the Realm of Zot.
 60751 | Depths:4 | Learned a level 7 spell: Storm Form
 61218 | Vaults:5 | Entered Level 5 of the Vaults
 61550 | Vaults:5 | Noticed a dread lich
 61554 | Vaults:5 | Killed a dread lich
 61570 | Vaults:5 | Reached skill level 10 in Fighting
 62018 | Vaults:5 | Identified the +0 robe of the Midnight Sun {Rampage rF+
                  | Str+4 Int-3}
 62022 | Vaults:5 | Identified the +8 great sword of the Vulture {vorpal,
                  | *Corrode +Blink Dex+2}
 62040 | Vaults:5 | Found Hevileki's General Store.
 62048 | Vaults:5 | Bought a book of Unlife for 648 gold pieces
 62215 | Vaults:5 | Found Citt's Weapon Shop.
 62413 | Vaults:5 | Identified the +2 robe of the Blacksmith {Rampage Str+2}
 62427 | Vaults:5 | Got a silver rune of Zot
 62436 | Vaults:5 | Reached skill level 5 in Staves
 62444 | Vaults:5 | Noticed a dread lich
 62513 | Vaults:5 | Killed a dread lich
 62660 | Vaults:5 | Noticed Mennas
 62790 | Vaults:5 | an acid blob changed into a golden dragon
 62790 | Vaults:5 | Noticed a golden dragon (glowing shapeshifter)
 62791 | Vaults:5 | a golden dragon changed into a fire giant
 62850 | Vaults:5 | Noticed a golden dragon
 62855 | Vaults:5 | Killed a golden dragon
 62932 | Vaults:5 | Identified the ring of Cheibriados's Scorn {MP+9 Dex+4}
 63184 | Vaults:5 | Reached XP level 22. HP: 175/177 MP: 31/44
 63331 | Vaults:5 | Found Seridima's Antique Weapon Boutique.
 63891 | Vaults:5 | Killed Mennas
 64863 | Depths:3 | Paralysed by a floating eye for 3 turns
 64869 | Depths:3 | Gained mutation: You are clumsy. (Dex -2) [mutagenic glow]
 64880 | Depths:3 | Paralysed by a Zot trap for 4 turns
 64884 | Depths:3 | Killed from afar by a living spell

Illustrated notes

Levels and vault maps discovered:
D:1:      dpeg_arrival_radiant, layout_basic, minmay_indecisive_spiral
D:2:      layout_rooms, minivault_26
D:3:      layout_basic, jmf_multi_god_temple, minmay_ruptured
D:4:      layout_rooms, minmay_lizard_king
D:5:      layout_loops_cross, mainiacjoe_overflow_chevrons,
          nicolae_overflow_hidden_temple, minmay_temple_entry_gardened_gates,
          serial_shops, shop, minmay_misc_feat_pillars, uniq_grinder
D:6:      layout_cave_pods, uniq_pikel
D:7:      layout_basic, serial_undead, serial_undead_c, serial_undead_f,
          serial_undead_c, serial_undead_f, serial_shops, shop,
          sigmund_edmund_badplayer
D:8:      layout_gridville, uniq_maggie
D:9:      layout_loops_ring, lair_entry_dummy, uniq_grum
D:10:     layout_loops_ring, enter_trove_1, serial_shops,
          nicolae_shop_competitors_out_of_business, nicolae_shop_behind_doors,
          shop, shop_fountains, shop, uniq_harold
D:11:     layout_basic, zombieorc1_lemuel, serial_shops, nicolae_shop_stone
D:12:     layout_rooms, ashenzari_conservatory_becter
D:13:     layout_rooms, david_vaults_2, serial_shops, shop, nrook_uturn
D:14:     layout_long_grid, special_room [special_room_orc],
          gauntlet_entry_generic, hangedman_decor_growths
D:15:     hangedman_depths_entry_try_elsewhere_first, layout_gridville,
          moated_statue
Lair:1:   layout_layer_cave, portal_ice_cave_entry_pillars_2,
          lemuel_oklob_altar, lemuel_fruit_tree
Lair:2:   layout_chaotic_city, nicolae_spider_entry_tight_spaces, st_stairs_8,
          hangedman_tree_tricks, dreamdust_deal_with_the_devil
Lair:3:   layout_hall_layers, minmay_shoals_entry_hut, tgw_fedhas
Lair:4:   layout_small_grid
Lair:5:   wormcave, layout_regular_city, hangedman_lair_in_review,
          slime_entry_1, basic_altar
Shoals:1: layout_shoals, serial_shops, shop, uniq_kirke, uniq_frances
Shoals:2: layout_shoals
Shoals:3: layout_shoals, nicolae_shoals_secluded_bog, uniq_jorgrun
Shoals:4: shoals_end_hellmonk_lost_city
Spider:1: layout_cave_pods, uniq_azrael
Spider:2: layout_cave_pods, nicolae_spider_altar_of_dancing,
          nicolae_spider_cling_halls, uniq_arachne
Spider:3: layout_chambers
Spider:4: grunt_spider_rune_circles
Orc:1:    layout_caves
Orc:2:    st_orc_mages, layout_caves, basic_altar
Elf:1:    layout_onion_city, serial_shops, nicolae_lakefront_shop,
          nicolae_lakefront_shop, shop, nicolae_shop_advertising_works
          [nicolae_subvault_shop_adworks], nicolae_shop_bloodbath_and_beyond,
          basic_altar, orc_legates
Elf:2:    nicolae_elf_blades_crystal_corner, layout_loops_cross,
          dreamdust_mushroom_princess, uniq_agnes, uniq_asterion
Elf:3:    minmay_elf_hall_statues, layout_gridlike
Vaults:1: hangedman_vaults_cutoff, nicolae_vaults_lopsided_apartments,
          nicolae_vaults_mini_display_case, v_pattern_5, ontoclasm_vaults_tryst,
          v_misc_25, serial_ice_g, v_rooms_5, nicolae_vaults_big_ls,
          ontoclasm_vaults_decontamination, vaults_dpeg_cross,
          vaults_room_semicircle, layout_vaults_omnibox
Vaults:2: nicolae_vaults_back_hallway, ontoclasm_vaults_echo,
          minmay_crypt_entry_simple_statues, v_misc_11,
          nicolae_vaults_little_ls, nicolae_vaults_gold_heap,
          grunt_vaults_hallway_short, vaults_room_pool,
          nicolae_vaults_ring_of_whatevers, layout_vaults_ring
Vaults:3: gammafunk_ghost_mausoleum, vaults_mumra_hexcomb, vaults_mumra_hex,
          nicolae_vaults_little_squares_2, hangedman_vaults_slice,
          v_alt_pattern_1, v_misc_30, vaults_mumra_minichess_inversion,
          vaults_dpeg_hooks, nicolae_vaults_border_crossing, vaults_room_pools,
          layout_vaults_omnigrid, serial_shops, shop, shop
Vaults:4: nicolae_vaults_big_angled_halls, v_alt_pattern_6,
          ontoclasm_vaults_idyll, nicolae_vaults_angled_halls,
          grunt_vaults_hallway_long, v_rooms_3, vaults_room_grid,
          ontoclasm_vaults_gateway, hangedman_vaults_restitches,
          layout_vaults_chaotic_city
Vaults:5: uniq_mennas
Depths:1: layout_roguey, serial_shops, shop_statue, hangedman_coc_ice_floe,
          nicolae_qazlal_general_emergency, nicolae_wu_jian_wuxing_cycle
Depths:2: hangedman_crystal_crosses_colossus [crystal_crosses_arms_four,
          crystal_crosses_arms_two, crystal_crosses_arms_one,
          crystal_crosses_arms_one], hell_entry, pan_entry
Depths:3: gammafunk_its_a_trap, layout_gridlike, grunt_mini_vestibule,
          hangedman_abyss_entry_splay, serial_curves, eino_curves_03,
          eino_curves_01, grunt_decor_junction, water_boxes_lemuel,
          uniq_josephina, uniq_margery, uniq_mara, uniq_enchantress
Depths:4: grunt_zot_entry_gee_three, layout_small_grid, enter_ziggurat_d,
          nicolae_lava_and_water, grunt_hell_entry_dis_grunt, uniq_saint_roka,
          uniq_grunn

Skill      XL: |  1  2  3  4  5  6  7  8  9 10 11 12 13 14 15 16 17 18 19 20 21 |
---------------+----------------------------------------------------------------+-----
Spellcasting   | 2 3 4 5 6 8 10 11 12 13 | 13.0
Conjurations   | 4 5 6 7 8 9 10 12 13 14 15 16 17 18 | 18.0
Hexes          | 1 3 4 5 6 |  6.2
Air Magic      | 3 4 6 7 8 9 11 12 | 12.8
Fighting       | 1 3 6 7 8 10 | 10.7
Polearms       | 1 3 5 7 8 |  8.3
Ice Magic      | 1 3 |  3.0
Stealth        | 3 5 |  5.3
Evocations     | 1 5 8 10 11 | 11.6
Poison Magic   | 1 |  1.7
Fire Magic     | 4 5 |  5.0
Transmutations | 3 5 9 12 | 12.8
Dodging        | 5 8 10 12 14 15 | 15.2
Armour         | 4 5 7 9 10 | 10.0
Shields        | 2 7 10 12 | 12.1
Staves         | 5 |  5.8

Action                   |  1- 3 |  4- 6 |  7- 9 | 10-12 | 13-15 | 16-18 | 19-21 | 22-24 || total
-------------------------+-------+-------+-------+-------+-------+-------+-------+-------++-------
Melee: Unarmed           |    20 |       |     2 |       |       |       |       |     1 ||    23
       Short sword       |     3 |       |    11 |       |       |       |       |       ||    14
       Broad axe         |     3 |    24 |     1 |       |       |       |       |       ||    28
       Halberd           |       |       |    33 |   287 |   199 |     2 |       |       ||   521
       Staff             |       |       |       |       |    32 |   100 |   147 |     6 ||   285
       Punch             |       |       |       |       |     1 |       |       |       ||     1
       Trident           |       |       |       |       |       |   109 |       |       ||   109
 Cast: Magic Dart        |   108 |   146 |    53 |   161 |   131 |    36 |     6 |       ||   641
       Searing Ray       |       |    10 |    18 |    13 |     3 |       |       |       ||    44
       Fulminant Prism   |       |     3 |    47 |    54 |    27 |    23 |    36 |       ||   190
       Kindle Blastspark |       |       |     2 |       |       |       |       |       ||     2
       Iskenderun's Batt |       |       |     1 |    35 |    28 |    13 |     4 |       ||    81
       Ensorcelled Hiber |       |       |     9 |       |     5 |       |     1 |       ||    15
       Freezing Cloud    |       |       |     5 |    64 |    83 |   126 |    88 |     5 ||   371
       Swiftness         |       |       |       |     5 |     6 |    11 |    10 |     1 ||    33
       Summon Guardian G |       |       |       |     3 |       |       |       |       ||     3
       Ozocubu's Armour  |       |       |       |     2 |     5 |     5 |     1 |       ||    13
       Orb of Destructio |       |       |       |       |   139 |   331 |   551 |    35 ||  1056
       Ignite Poison     |       |       |       |       |    92 |    32 |    15 |     1 ||   140
       Blink             |       |       |       |       |       |     8 |    12 |       ||    20
       Iskenderun's Myst |       |       |       |       |       |    13 |    68 |     4 ||    85
       Storm Form        |       |       |       |       |       |       |     1 |     1 ||     2
 Abil: Evoke the Staff o |       |       |       |       |    91 |    35 |    17 |       ||   143
       End Transformatio |       |       |       |       |       |       |     1 |     1 ||     2
       Blinkbolt         |       |       |       |       |       |       |     1 |       ||     1
Evoke: Wand              |       |       |     2 |     6 |    15 |     5 |    32 |     2 ||    62
       Condenser vane    |       |       |       |       |     1 |       |     5 |     1 ||     7
       Tin of tremorston |       |       |       |       |     2 |     3 |     2 |       ||     7
       Phial of floods   |       |       |       |       |       |     1 |     1 |     1 ||     3
       Phantom mirror    |       |       |       |       |       |       |       |     1 ||     1
  Use: Scroll            |       |     2 |     9 |    19 |    12 |    12 |    12 |     4 ||    70
       Potion            |       |     2 |       |     2 |    13 |     7 |     7 |     7 ||    38
 Stab: Distracted        |       |       |       |     2 |       |       |       |       ||     2
       Sleeping          |       |       |       |     1 |     2 |       |       |       ||     3
Armor: Robe              |    15 |    13 |     8 |       |       |       |       |       ||    36
       Steam dragon scal |       |       |    13 |    28 |       |       |       |       ||    41
       Ring mail         |       |       |       |    12 |       |       |       |       ||    12
       Troll leather arm |       |       |       |    22 |    80 |   110 |       |       ||   212
       Fire dragon scale |       |       |       |       |       |    67 |   152 |    22 ||   241
Dodge: Dodged            |    22 |    29 |    48 |   106 |   122 |   302 |   261 |    26 ||   916
       Repelled          |       |       |       |     2 |     7 |    11 |    21 |     1 ||    42
Block: Other             |       |       |     6 |    59 |    42 |       |       |       ||   107
       Reflection        |       |       |     1 |     2 |     3 |       |       |       ||     6
       Kite shield       |       |       |       |       |       |   201 |   210 |    22 ||   433

Table legend: (Time is in decaauts)
 A = Elapsed time spent in this place.
 B = Non-inter-level travel time spent in this place.
 C = Inter-level travel time spent in this place.
 D = Time resting spent in this place.
 E = Time spent auto-exploring this place.
 F = Levels seen in this place.
 G = Mean time per level.
                   A        B        C        D        E       F      G
               +--------+--------+--------+--------+--------+-----+--------+
         Total |  65161 |  59030 |   6131 |  13004 |  30689 |  45 | 1448.0 |
       Dungeon |  19824 |  16822 |   3002 |   2498 |  11374 |  15 | 1321.6 |
          Lair |   9068 |   8091 |    977 |   2429 |   3691 |   5 | 1813.6 |
        Shoals |   3899 |   3603 |    296 |    229 |   1820 |   4 |  974.8 |
   Spider Nest |   4798 |   4652 |    146 |    780 |   2933 |   4 | 1199.5 |
  Orcish Mines |   2553 |   2387 |    166 |    847 |   1026 |   2 | 1276.5 |
   Elven Halls |   5128 |   4989 |    139 |   1414 |   1981 |   3 | 1709.3 |
        Vaults |  10508 |   9481 |   1027 |   2114 |   4722 |   5 | 2101.6 |
        Depths |   6284 |   5909 |    375 |   1516 |   2664 |   4 | 1571.0 |
         Trove |    173 |    173 |      0 |      0 |      9 |   1 |  173.0 |
      Ice Cave |   1748 |   1748 |      0 |    605 |    467 |   1 | 1748.0 |
      Gauntlet |   1173 |   1173 |      0 |    571 |      0 |   1 | 1173.0 |
               +--------+--------+--------+--------+--------+-----+--------+

Top non-repeatable levels by time:
  Lair:5: 2768 daAuts
Vaults:5: 2689 daAuts
Vaults:3: 2664 daAuts
   Elf:3: 2426 daAuts
Vaults:4: 2154 daAuts
Depths:3: 2126 daAuts
  Lair:2: 2012 daAuts
    D:10: 1849 daAuts
  Lair:1: 1793 daAuts
    D:11: 1758 daAuts
   IceCv: 1748 daAuts
     D:8: 1627 daAuts
Vaults:1: 1568 daAuts
   Orc:2: 1519 daAuts
Depths:4: 1505 daAuts
